 Dungeon Crawl Stone Soup version 0.22.1-1-ga44c0e5 (webtiles) character file.

581 Fang the Chopper (level 7, -4/44 HPs)
             Began as a Gargoyle Berserker on Oct 17, 2018.
             Was an Elder of Trog.
             Shot with an arrow by a centaur (11 damage)
             ... on level 5 of the Dungeon.
             The game lasted 00:04:40 (4342 turns).

Fang the Chopper (Gargoyle Berserker)               Turns: 4342, Time: 00:04:40

Health: -4/44      AC:  7    Str: 23    XL:     7   Next: 36%
Magic:  7/7        EV: 13    Int:  7    God:    Trog [****..]
Gold:   110        SH:  2    Dex:  9    Spells: 6/6 levels left

rFire    . . .     SeeInvis .   a - +0 hand axe
rCold    . . .     Gourm    .   (no shield)
rNeg     + . .     Faith    .   b - +0 animal skin
rPois    ∞         Spirit   .   (no helmet)
rElec    +         Reflect  +   (no cloak)
rCorr    .         Harm     .   (no gloves)
MR       .....                  (no boots)
Stlth    ++........             k - +2 amulet of reflection
HPRegen  0.14/turn              (no ring)
MPRegen  0.10/turn              (no ring)

@: berserk cooldown, slowed, very slow
A: negative energy resistance 1, electricity resistance, unbreathing,
petrification resistance, rot immunity, AC +4
a: Berserk, Trog's Hand, Brothers in Arms, Renounce Religion


You were on level 5 of the Dungeon.
You worshipped Trog.
Trog was greatly pleased with you.
You were not hungry.

You visited 1 branch of the dungeon, and saw 6 of its levels.

You collected 110 gold pieces.

Inventory:

Hand Weapons
 a - a +0 hand axe (weapon)
Armour
 b - a +0 animal skin (worn)
Jewellery
 k - a +2 amulet of reflection (around neck)
Scrolls
 d - 4 scrolls of random uselessness {unknown}
 e - 3 scrolls of magic mapping {unknown}
 f - 2 scrolls of immolation {unknown}
 g - 2 scrolls of identify {unknown}
 i - a scroll of fog {unknown}
 j - a scroll of amnesia {unknown}
 m - a scroll of enchant armour {unknown}
 o - a scroll of teleportation {unknown}
 p - a scroll of remove curse {unknown}
Potions
 h - a potion of heal wounds {unknown}
 l - a potion of cancellation {unknown}
 n - a potion of curing
 q - a potion of degeneration {unknown}
 r - 2 potions of invisibility {unknown}
Comestibles
 c - 5 rations


   Skills:
 + Level 4.8 Fighting
 + Level 5.6 Axes
 + Level 2.3 Armour
 + Level 3.3 Dodging
 + Level 2.2 Stealth


You had 6 spell levels left.
You didn't know any spells.
Your spell library was empty.

Dungeon Overview and Level Annotations

Branches:
Dungeon (6/15)
 Temple: D:4-7

Altars:
Makhleb

Annotations:
D:6 Prince Ribbit


Innate Abilities, Weirdness & Mutations

You are resistant to torment.
Your stone body is resilient. (AC +4)
You are immune to poison.
You resist negative energy. (rN+)
You are resistant to electric shocks. (rElec)
You can survive without breathing.
You are immune to petrification.
You are immune to rotting.


Message History

You slash the wight!
The wight is moderately damaged.
You block the wight's attack. The wight closely misses you.
The centaur shoots an arrow.
The arrow closely misses you.
Unknown command.
You closely miss the wight.
The wight is moderately damaged.
You are no longer berserk.
You are exhausted.
You feel yourself slow down. The wight barely misses you.
The centaur shoots an arrow.
The arrow hits you.
Unknown command.
You barely miss the wight.
The wight is moderately damaged.
The centaur shoots an arrow.
The arrow hits you!
* * * LOW HITPOINT WARNING * * *
The wight hits you with an enchanted halberd.
* * * LOW HITPOINT WARNING * * *
The wight barely misses you.
The centaur shoots an arrow.
The arrow hits you!
You die...

##... .. ......
(. .# ...... .#
(.. #.... .#
..###..##.# #
#.........#.##..
#.#.....z...z...
#[.....cz##
##.......†@#
.......>...#
##.........#
##.......##
##.....##
##...## #####


You could see a centaur and 2 wights.

Vanquished Creatures
  Sigmund (D:3)
  An ogre (D:4)
  A wight (D:5)
  A hound (D:3)
  Crazy Yiuf (D:2)
  A centaur skeleton (D:2)
  Jessica (D:2)
  An orc wizard (D:3)
  Robin (D:2)
  4 adders
  4 worms
  2 dart slugs
  A leopard gecko (D:5)
  5 orcs (D:3)
  3 giant cockroaches
  14 goblins
  15 hobgoblins
  9 jackals
  A quokka (D:2)
  A ball python (D:3)
  8 bats
  10 frilled lizards
  A jackal zombie (D:6)
  12 kobolds
  10 rats
109 creatures vanquished.

Notes
Turn   | Place    | Note
-------+----------+-------------------------------------------
     0 | D:1      | Fang the Gargoyle Berserker began the quest for the Orb.
     0 | D:1      | Reached XP level 1. HP: 14/14 MP: 1/1
   135 | D:1      | Reached XP level 2. HP: 11/19 MP: 2/2
   139 | D:1      | Reached skill level 3 in Axes
   386 | D:1      | Reached ** piety under Trog
   541 | D:1      | Reached XP level 3. HP: 23/24 MP: 3/3
  1206 | D:2      | Noticed Jessica
  1211 | D:2      | Killed Jessica
  1211 | D:2      | Reached XP level 4. HP: 22/29 MP: 4/4
  1703 | D:2      | Reached skill level 4 in Axes
  1703 | D:2      | Reached XP level 5. HP: 25/33 MP: 5/5
  1958 | D:2      | Noticed Robin
  1968 | D:2      | Killed Robin
  1971 | D:2      | Reached *** piety under Trog
  2178 | D:2      | Found a runed door.
  2236 | D:2      | Noticed Crazy Yiuf
  2243 | D:2      | Killed Crazy Yiuf
  2243 | D:2      | Reached skill level 1 in Stealth
  2322 | D:3      | Reached XP level 6. HP: 7/38 MP: 6/6
  2838 | D:3      | Noticed Sigmund
  2845 | D:3      | Killed Sigmund
  2845 | D:3      | Reached skill level 5 in Axes
  3000 | D:3      | Found a burning altar of Makhleb.
  3169 | D:3      | Reached XP level 7. HP: 40/44 MP: 7/7
  4075 | D:4      | You fall through a shaft for 2 floors!
  4075 | D:6      | Noticed Prince Ribbit
  4094 | D:5      | Entered Level 5 of the Dungeon
  4333 | D:5      | Reached **** piety under Trog
  4342 | D:5      | Shot with an arrow by a centaur

Skill      XL: |  1  2  3  4  5  6  7 |
---------------+----------------------+-----
Axes           | 3 4 5 |  5.6
Dodging        | 2 3 |  3.3
Fighting       | 4 |  4.8
Stealth        | 1 2 |  2.2
Armour         | |  2.3

Action                   |  1- 3 |  4- 6 |  7- 9 || total
-------------------------+-------+-------+-------++-------
Melee: Hand axe          |   104 |   222 |    50 ||   376
Invok: Berserk           |       |     5 |     3 ||     8
 Stab: Sleeping          |       |     2 |       ||     2
  Eat: Chunk             |     1 |    11 |     1 ||    13
       Ration            |       |       |     2 ||     2
Armor: Animal skin       |    54 |    74 |    17 ||   145
Dodge: Dodged            |   103 |   159 |    37 ||   299
Block: Other             |       |     8 |     3 ||    11
       Reflection        |       |     1 |       ||     1
